Map: Newkirk Precinct TE (Void)

Players

Musumeci

  • Race: Zerg Zerg
  • League: Diamond
  • Spawn Location: 7:00

A.I. 1 (Easy)

  • Race: Terran Terran
  • Spawn Location: 5:00

VOD

Have the link to the VOD?

Description

Time

  • Played on: Jan. 1, 2017, 12:37 p.m.
  • Length: 2:07
Show
View Real Time Build Order
Export as new Build Order

Musumeci Zerg 

Build Orders: Pool First 

Get SALT Encoding   

  12  0:08  Drone x2  
  14  0:17  Drone, Extractor  
  14  0:20  Extractor  
  13  0:24  Drone  
  16  0:52  Spawning Pool  
  15  0:59  Overlord  
  15  1:16  Extractor  
  15  1:17  Drone x3  
  17  1:34  Drone  
  18  1:56  Hatchery  
Show
View Real Time Build Order
Export as new Build Order

A.I. 1 (Easy) Terran 

Build Orders:  

Get SALT Encoding   

  12  0:00  SCV  
  13  0:13  SCV  
  14  0:20  Supply Depot  
  14  0:25  SCV  
  15  0:42  SCV  
  16  0:44  Barracks  
  16  1:11  Command Center  
  16  1:31  Orbital Command, Marine  
  17  1:33  Supply Depot  
  17  1:42  Refinery  
  17  1:49  Marine  
  17  1:53  Refinery  
Tags
 
Add a new tag
Caveats
  • Supply blocks, unpowered buildings, or Contaminate may cause inaccurate times.
  • Supply counts are checked every 10 seconds.